Unix NetHack Version 3.7.0-97 Work-in-progress - last build Jan 20 2024 17:37:35 (157cf090cb53e479d994ec1a4552202481ff9585,branch:master). Game began 2024-01-26 08:27:55, ended 2024-01-26 11:25:06. elenmirie, lawful female human Knight ------- ------- |.$...|-- |..|.>| |$+*..-.| |.....| --|.!.%$|-| |.--.--- |/-.$$$$+.| --.|..0.---- |)|.$$$$|-| --..|.......| |G|)$$$$+.| |...|---....| |@|.$$$$|-- |...|..|....| |.|------ |..%|.......| |.| --......|.[..-- |.| |....|..|.....| |?| |....|--|....%| |.| |...-- --.|..| |[| ----- |)---- |.-------------------..| |......./..............| ------------------------ Elenmirie the Sergeant St:15 Dx:11 Co:15 In:9 Wi:15 Ch:18 Lawful Dlvl:3 $:820 HP:0(69) Pw:86(86) AC:2 Xp:10/5364 T:9831 Burdened Hallu Latest messages: You kill the large dog! The fox misses! You kill the fox! You feel an unseen monster! You hit the Grey-elf! It explodes! You are caught in a blast of kaleidoscopic light! You are freaked out. The terracotta warrior wakes up. The disenchanter wakes up. The corpulent porpoise swings their elven broadsword. The rock mole hits! The golden naga hatchling engulfs 43 gold pieces. You hear a slurping sound. You hear several slurping sounds. You hear a slurping sound. You hear a slurping sound. You kill the brown pudding! You hear something incant ETAOIN SHRDLU. Call a scroll labeled ETAOIN SHRDLU: You hit the Green-elf! The nickelpede engulfs 19 gold pieces. You hit the green slime! The silver dragon hits! The acid blog hits again! You hear a slurping sound. The barbed devil hits! The ettin just misses! The freezing sphere explodes! Boom! The yellow dragon is caught in the jabberwock's explosion! The salamander is destroyed! The goblin is caught in the gelatinous cube's explosion! You are caught in the lizard's explosion! Your boots smoulder! Your candle called tallow catches light! One of your scrolls called exrc vas catches fire and burns! One of your unlabeled scrolls catches fire and burns! Your scroll called earth catches fire and burns! Your potion called 200 mur boils and explodes! You hear a slurping sound. You kill the luck sucker! The red naga bites! The large kobold stings! You die... Do you want your possessions identified? [ynq] (y) y Do you want to see your attributes? [ynq] (y) y Do you want an account of creatures vanquished? [ynaq] (y) y Do you want to see your conduct and achievements? [ynq] (y) y Do you want to see the dungeon overview? [ynq] (y) y Inventory: Coins $ - 820 gold pieces Weapons a - the blessed rustproof +1 Excalibur (weapon in right hand) b - an uncursed +1 lance (alternate weapon; not wielded) Armor t - an uncursed +0 helm of brilliance (being worn) f - an uncursed burnt +0 pair of leather gloves (being worn) Q - a cursed burnt -3 pair of speed boots (being worn) w - an uncursed +0 small shield (being worn) z - an uncursed +0 leather cloak (being worn) B - a cursed -1 Hawaiian shirt with a plumeria motif s - an uncursed +0 elven mithril-coat (being worn) Comestibles g - 6 uncursed apples h - 10 uncursed carrots X - 4 uncursed food rations L - an uncursed lizard corpse Scrolls N - 2 uncursed scrolls of blank paper O - a cursed scroll of blank paper C - an uncursed scroll of confuse monster l - a cursed scroll of earth u - an uncursed scroll of enchant armor c - 2 uncursed scrolls of enchant weapon o - an uncursed scroll of identify m - an uncursed scroll of light q - an uncursed scroll of teleportation Potions k - 4 uncursed potions of healing M - a blessed potion of monster detection I - an uncursed potion of monster detection H - 2 uncursed potions of object detection i - an uncursed potion of sleeping Rings E - a cursed ring of aggravate monster Z - an uncursed ring of conflict U - an uncursed ring of fire resistance A - an uncursed +2 ring of increase accuracy n - an uncursed +3 ring of protection (on right hand) j - an uncursed ring of see invisible P - an uncursed ring of slow digestion p - a cursed ring of teleportation Wands v - an uncursed wand of create monster (0:13) y - an uncursed wand of death (0:4) J - an uncursed wand of digging (0:5) W - an uncursed wand of light (0:10) r - an uncursed wand of slow monster (0:7) V - an uncursed wand of speed monster (0:7) F - an uncursed wand of speed monster (0:6) S - a blessed wand of striking (0:7) D - an uncursed wand of teleportation (0:2) Tools R - a cursed magic lamp (lit) e - an uncursed skeleton key T - an uncursed partly used tallow candle (lit) x - an uncursed towel Elenmirie the Knight's attributes: Background: You were a Sergeant, a level 10 female human Knight. You were lawful, on a mission for Lugh who was opposed by Brigit (neutral) and Manannan Mac Lir (chaotic). You were right-handed. You were in Sokoban, on level 3. You entered the dungeon 9831 turns ago. There was a full moon in effect when your adventure ended. You had 5364 experience points, 4636 more were needed to attain level 11. Basics: You had 0 out of 69 hit points. You had all 86 energy points (spell power). Your armor class was 2. Your wallet contained 820 Ankh-Morpork Dollars. Autopickup was on for '$' plus thrown. Final Characteristics: Your strength was 15 (limit:18/100). Your dexterity was 11 (limit:18). Your constitution was 15 (limit:18). Your intelligence was 9 (limit:18). Your wisdom was 15 (limit:18). Your charisma was 18 (limit:18). Final Status: You were hallucinating. You weren't hungry. You were burdened; movement was slightly slowed. You were wielding a long sword. You were skilled in long sword and could have enhanced that. Final Attributes: You were piously aligned. You were level-drain resistant. You were telepathic. You had automatic searching. You could jump. You had a small defense bonus (+3). You were protected. You were very fast. You were lucky. You are dead. Miscellaneous: You never encountered a bones level. Total elapsed playing time was 2 hours, 52 minutes and 14 seconds. Major events: Turn 1: elenmirie the lawful female human Knight entered the dungeon 857: entered the Gnomish Mines 1075: attained the rank of Esquire (level 3) 3866: attained the rank of Bachelor (level 6) 4876: had Excalibur thrown at them by some watery tart 6086: reached Mine Town 7466: entered Sokoban 7752: completed 1st Sokoban level 8204: completed 2nd Sokoban level 8622: completed 3rd Sokoban level 9728: completed 4th Sokoban level 9807: attained the rank of Sergeant (level 10) 9831: killed by a hallucinogen-distorted soldier ant Vanquished creatures: 2 giant mimics a stalker a small mimic a xan a sasquatch a pyrolisk a large dog a flaming sphere 2 wraiths a leather golem a Grey-elf a chameleon a crocodile a giant beetle a wolf 3 leprechauns a giant spider a baby long worm 2 black lights an orc mummy 3 brown puddings a gold golem a Green-elf a lizard a dog a jaguar a gnome mummy 6 human zombies 2 mountain nymphs 6 Mordor orcs 3 Uruk-hai a rock piercer a rock mole 2 ponies 2 fog clouds a yellow light 2 shriekers 2 violet fungi 7 gnome leaders 2 gnomish wizards a guardian naga hatchling a gray ooze 7 elf zombies a ghoul a paper golem a giant ant 2 little dogs 3 floating eyes 5 dwarves 2 homunculi a kobold leader a kobold shaman 9 hill orcs 9 rothes 2 centipedes 3 giant bats 4 monkeys 4 orc zombies 4 dwarf zombies 4 iguanas 10 killer bees an acid blob 2 hobbits 2 large kobolds 3 hobgoblins a giant rat a brown mold 4 yellow molds a green mold 2 red molds 21 gnomes 5 gnome zombies 4 geckos 13 jackals 3 foxes 5 kobolds 10 sewer rats 10 grid bugs 4 bats 6 lichens 8 kobold zombies 9 newts 261 creatures vanquished. No species were genocided or became extinct. Voluntary challenges: You read items or engraved 1 time. You never engraved Elbereth. You never genocided any monsters. You never polymorphed an object. You never changed form. You used no wishes. You did not violate any of the special Sokoban rules. Achievements: You entered the Gnomish Mines. You attained the rank of Esquire. You attained the rank of Bachelor. You entered Minetown. You entered a shop. You entered a temple. You entered Sokoban. You attained the rank of Sergeant. The Dungeons of Doom: levels 1 to 7 Level 1: Some fountains. Level 2: A fountain, a sink. Stairs down to The Gnomish Mines. Level 3: A sink. Level 4: A sink. Level 5: Level 6: Some fountains. Oracle of Delphi. Level 7: A fountain. Stairs up to Sokoban, level 6. The Gnomish Mines: levels 3 to 5 Level 3: Level 4: Level 5: A temple and an altar, some fountains, a sink. Sokoban: levels 6 up to 3 Level 3: <- You were here. Solved. Final resting place for you, killed by a hallucinogen-distorted soldier ant. Level 4: Solved. Level 5: Solved. Level 6: Solved. Game over: ---------- / \ / REST \ / IN \ / PEACE \ / \ | elenmirie | | 820 Au | | killed by a | | hallucinogen-dis | | torted soldier | | ant | | 2024 | *| * * * | * _________)/\\_//(\/(/\)/\//\/|_)_______ Fare thee well elenmirie the Knight... You died in Sokoban on dungeon level 3 with 12880 points, and 820 pieces of gold, after 9831 moves. You were level 10 with a maximum of 69 hit points when you died.